 Dungeon Crawl Stone Soup version 0.21.1-1-g345015f (webtiles) character file.

93 Fang the Skirmisher (level 4, 0/37 HPs)
             Began as a Demonspawn Berserker on Apr 18, 2018.
             Was a Follower of Trog.
             Slain by an adder (5 damage)
             ... on level 2 of the Dungeon on Apr 19, 2018.
             The game lasted 00:03:18 (1043 turns).

Fang the Skirmisher (Demonspawn Berserker)          Turns: 1043, Time: 00:03:18

Health: 0/37       AC:  2    Str: 19    XL:     4   Next: 36%
Magic:  4/4        EV: 12    Int:  8    God:    Trog [*.....]
Gold:   64         SH:  0    Dex: 12    Spells: 3/3 levels left

rFire    + . .     SeeInvis .   a - +0 hand axe
rCold    . . .     Gourm    .   (no shield)
rNeg     . . .     Faith    .   b - +0 animal skin
rPois    .         Spirit   .   (helmet restricted)
rElec    .         Reflect  .   (no cloak)
rCorr    .         Harm     .   (no gloves)
MR       .....                  (no boots)
Stlth    +.........             i - amulet of inaccuracy (curse)
HPRegen  0.12/turn              h - ring of protection from fire
MPRegen  0.09/turn              (no ring)

@: lethally poisoned (0 -> -2), berserk cooldown, slowed, very slow
A: antennae 1, claws 1
a: Berserk, Burn Spellbooks, Renounce Religion


You were on level 2 of the Dungeon.
You worshipped Trog.
Trog was aware of your devotion.
You were very hungry.

You visited 1 branch of the dungeon, and saw 2 of its levels.

You collected 64 gold pieces.

Inventory:

Hand Weapons
 a - a +0 hand axe (weapon)
Armour
 b - a +0 animal skin (worn)
Jewellery
 h - a ring of protection from fire (left claw)
 i - a cursed amulet of inaccuracy (around neck)
Scrolls
 d - a scroll of amnesia {unknown}
 e - a scroll of fog {unknown}
 f - 2 scrolls of immolation {unknown}
 j - a scroll of teleportation {unknown}
 l - a scroll of identify {unknown}
Potions
 g - 2 potions of heal wounds {unknown}
 k - 2 potions of might {unknown}
Comestibles
 c - 2 rations
 m - 4 chunks of flesh


   Skills:
 + Level 3.8 Fighting
 + Level 3.5 Axes
 + Level 2.0 Armour
 + Level 2.5 Dodging
 + Level 0.6 Stealth


You had 3 spell levels left.
You didn't know any spells.

Dungeon Overview and Level Annotations

Branches:
Dungeon (2/15)

Altars:


Innate Abilities, Weirdness & Mutations

You have a pair of small antennae on your head.
You have sharp fingernails.


Message History

You hit the adder.
The adder is moderately wounded.
The adder bites you.
* * * LOW HITPOINT WARNING * * *
The adder misses you.
You closely miss the adder.
The adder is lightly wounded.
The adder bites you but does no damage. The adder bites you.
* * * LOW HITPOINT WARNING * * *
You are poisoned.
The adder poisons you!
You closely miss the adder.
The adder is lightly wounded.
You feel sick. The adder misses you. The adder bites you.
* * * LOW HITPOINT WARNING * * *
The adder closely misses you.
You closely miss the adder.
The adder is lightly wounded.
You feel sick. The adder bites you.
You die...

## #. #.########
#..@)....## #
##.[S)..≈..##.#
#...........#.##
#..........⌠#..#
...............#..#
##.....≈...≈..##.....
...##........## #####
##. #.######## # #.


You could see an adder.

Vanquished Creatures
  An orc priest (D:2)
  An orc wizard (D:2)
  A dart slug (D:1)
  2 leopard geckos (D:1)
  5 orcs (D:2)
  A ball python (D:1)
  2 hobgoblins (D:1)
  4 bats (D:1)
  A frilled lizard (D:1)
  2 goblins (D:1)
  3 kobolds (D:1)
  3 rats (D:1)
26 creatures vanquished.

Notes
Turn   | Place    | Note
-------+----------+-------------------------------------------
     0 | D:1      | Fang the Demonspawn Berserker began the quest for the Orb.
     0 | D:1      | Reached XP level 1. HP: 18/18 MP: 1/1
   205 | D:1      | Gained mutation: You have a pair of small antennae on your head. [demonic ancestry]
   205 | D:1      | Reached XP level 2. HP: 16/24 MP: 2/2
  1001 | D:2      | Gained mutation: You have sharp fingernails. [demonic ancestry]
  1001 | D:2      | Reached XP level 3. HP: 12/29 MP: 3/3
  1010 | D:2      | Reached XP level 4. HP: 12/37 MP: 4/4
  1043 | D:2      | Slain by an adder

Skill      XL: |  1  2  3 |
---------------+----------+-----
Axes           | 3 |  3.5
Dodging        | 2 |  2.5
Armour         | 2 |  2.0
Fighting       | |  3.8
Stealth        | |  0.6

Action                   |  1- 3 |  4- 6 || total
-------------------------+-------+-------++-------
Melee: Hand axe          |    66 |     4 ||    70
Invok: Berserk           |     1 |       ||     1
 Stab: Sleeping          |     1 |       ||     1
Armor: Animal skin       |    17 |     1 ||    18
Dodge: Dodged            |    55 |     5 ||    60
